 Dungeon Crawl Stone Soup version 0.21-a0-91-ga5031da (webtiles) character file.

2366 Ordine the Carver (level 9, -8/67 HPs)
             Began as an Octopode Fighter on June 30, 2017.
             Mangled by a hippogriff (9 damage)
             ... on level 5 of the Dungeon.
             The game lasted 00:12:34 (5885 turns).

Ordine the Carver (Octopode Fighter)                Turns: 5885, Time: 00:12:36

Health: -8/67      AC:  3    Str: 15    XL:     9   Next: 44%
Magic:  9/9        EV: 13    Int: 11    God:
Gold:   272        SH: 11    Dex: 14    Spells: 8/8 levels left

rFire    . . .     SeeInvis .   a - +0 long sword
rCold    . . .     Gourm    .   b - +0 shield
rNeg     . . .     Faith    .   (helmet restricted)
rPois    .         Spirit   .   (no amulet)
rElec    .         Reflect  .   f - +2 ring of protection
rCorr    .         Harm     .   (no ring)
MR       .....                  (no ring)
Stlth    ++........             (no ring)
HPRegen  0.21/turn              (no ring)
MPRegen  0.11/turn              (no ring)
                                (no ring)
                                (no ring)

@: no status effects
A: almost no armour, stealthy swim, amphibious, 8 rings, constrict 8, camouflage
1, gelatinous body 1
a: no special abilities


You were on level 5 of the Dungeon.
You were hungry.

You visited 1 branch of the dungeon, and saw 5 of its levels.

You collected 272 gold pieces.

Inventory:

Hand Weapons
 a - a +0 long sword (weapon)
 c - the +6 dagger of Immorality {pierce, Str+3 Int+4}
   (You found it on level 4 of the Dungeon)

   It inflicts extra damage upon your enemies.
   It affects your strength (+3).
   It affects your intelligence (+4).
Missiles
 e - 85 stones (quivered)
 i - 8 curare-tipped needles
 l - 31 poisoned needles
 m - 2 throwing nets
Armour
 b - a +0 shield (worn)
Jewellery
 f - a +2 ring of protection (left tentacle)
Wands
 u - a wand of confusion (28/48)
Scrolls
 j - a scroll of remove curse
 k - a scroll of amnesia
 o - 3 scrolls of fog
 r - 2 scrolls of immolation
 v - 2 scrolls of teleportation
 y - 2 scrolls of identify
Potions
 g - a potion of lignification
 h - a potion of brilliance
 p - a potion of haste
 q - 2 potions of mutation
 t - a potion of agility
 w - 3 potions of curing
Comestibles
 d - 3 bread rations
 n - 2 royal jellies
 s - 2 meat rations
 x - a fruit


   Skills:
 + Level 8.6 Fighting
 * Level 11.1 Long Blades
 - Level 3.0 Dodging
 + Level 8.6 Shields


You had 8 spell levels left.
You didn't know any spells.

Dungeon Overview and Level Annotations

Branches:
Dungeon (5/15)
 Temple: D:4-7

Altars:
Ashenzari
Cheibriados
Gozag
Kikubaaqudgha
Makhleb
Sif Muna
Trog
The Shining One

Shops:
D:5 ?

Annotations:
D:5 Dowan, Duvessa


Innate Abilities, Weirdness & Mutations

You cannot wear most types of armour.
You are very stealthy in the water. (Stealth+)
You are amphibious.
You can wear up to eight rings at the same time.
You can use your tentacles to constrict eight enemies at once.
Your skin changes colour to match your surroundings (Stealth+).
Your rubbery body absorbs attacks. (AC +1, EV +1)


Message History

You slash the hippogriff!
The hippogriff is heavily wounded.
You closely miss the hippogriff. You squeeze the hippogriff.
The hippogriff is severely wounded.
You block the hippogriff's attack. The hippogriff closely misses you.
The hippogriff claws you.
* * * LOW HITPOINT WARNING * * *
You slash the hippogriff!
The hippogriff is almost dead.
The hippogriff bites you!
* * * LOW HITPOINT WARNING * * *
The hippogriff misses you. The hippogriff claws you.
* * * LOW HITPOINT WARNING * * *
You barely miss the hippogriff.
The hippogriff is almost dead.
The hippogriff bites you.
* * * LOW HITPOINT WARNING * * *
The hippogriff pecks you but does no damage.
The hippogriff claws you!
You die...

##...##'#(:?#'##...#.........
#..###..#...#..###...[.......
#.##.#..#...#..#.##.......... #
##.'..#..#...#..#[.'.......... ##
#..##.#..#...#..#.##..........
.###...###..#...#.(###...........
..#..#...####...####............#
#...###.....##'##.......###.#...#
#..## #.##.....H@.#...### ####..#
#..# #.##.#...######## ##.# #..#
#.......## #.. #..# #####..## #..
#.## ##..## #.. #.## ###.### #..
#..# ##..## ##.. ...###...#
############... ...#....##
##.............#


You could see a hippogriff.

Vanquished Creatures
  A hippogriff (D:5)
  Sigmund (D:2)
  An ice beast (D:5)
  The ghost of rexbael the Cudgeler, an amateur GnWr (D:4)
  A centaur (D:5)
  An ogre (D:5)
  A howler monkey (D:5)
  3 crimson imps (D:5)
  A hound (D:3)
  An orc priest (D:3)
  3 orc wizards (D:4)
  A bullfrog skeleton (D:5)
  A gnoll shaman (D:4)
  Jessica (D:2)
  Terence (D:2)
  5 worker ants
  A hound zombie (D:5)
  8 gnolls
  A howler monkey skeleton (D:4)
  9 adders
  An adder zombie (D:5)
  An adder skeleton (D:5)
  4 worms
  4 dart slugs
  3 leopard geckos
  8 orcs
  4 giant cockroaches
  7 goblins
  6 hobgoblins
  11 jackals
  2 quokkas
  6 bats
  5 frilled lizards
  9 kobolds
  A leopard gecko zombie (D:5)
  6 rats
121 creatures vanquished.

Notes
Turn   | Place    | Note
-------+----------+-------------------------------------------
     0 | D:1      | Ordine the Octopode Fighter began the quest for the Orb.
     0 | D:1      | Reached XP level 1. HP: 16/16 MP: 1/1
    12 | D:1      | Reached XP level 2. HP: 21/21 MP: 2/2
   154 | D:1      | Found a shattered altar of Ashenzari.
   703 | D:2      | Reached XP level 3. HP: 20/26 MP: 3/3
  1104 | D:2      | Noticed Sigmund
  1114 | D:2      | Killed Sigmund
  1114 | D:2      | Reached skill level 4 in Long Blades
  1114 | D:2      | Reached XP level 4. HP: 6/33 MP: 4/4
  1114 | D:2      | Reached XP level 5. HP: 7/37 MP: 5/5
  1390 | D:2      | Noticed Terence
  1404 | D:2      | Killed Terence
  1404 | D:2      | Reached XP level 6. HP: 41/43 MP: 6/6
  1420 | D:2      | Noticed Jessica
  1424 | D:2      | Killed Jessica
  1651 | D:2      | Found an ancient bone altar of Kikubaaqudgha.
  1800 | D:3      | Found a burning altar of Makhleb.
  1803 | D:3      | Reached skill level 5 in Long Blades
  2246 | D:4      | Noticed rexbael's ghost (amateur GnWr)
  2320 | D:4      | Killed rexbael's ghost
  2320 | D:4      | Reached XP level 7. HP: 43/49 MP: 7/7
  2650 | D:3      | Found a deep blue altar of Sif Muna.
  2885 | D:4      | Got an ichor-stained dagger
  2916 | D:4      | Identified the +6 dagger of Immorality {pierce, Str+3 Int+4} (You found it on level 4 of the Dungeon)
  2993 | D:4      | Reached skill level 5 in Fighting
  3005 | D:4      | Reached skill level 5 in Shields
  3664 | D:4      | Reached skill level 6 in Long Blades
  4326 | D:5      | Entered Level 5 of the Dungeon
  4366 | D:5      | Found a bloodstained altar of Trog.
  4418 | D:5      | Reached XP level 8. HP: 30/56 MP: 8/8
  4659 | D:5      | Noticed Duvessa
  4660 | D:5      | Noticed Dowan
  4902 | D:5      | Reached skill level 10 in Long Blades
  4902 | D:5      | Reached XP level 9. HP: 67/67 MP: 9/9
  5121 | D:5      | Reached skill level 11 in Long Blades
  5251 | D:5      | Found Maufalur's Magic Scroll Shop.
  5500 | D:5      | Found a snail-covered altar of Cheibriados.
  5501 | D:5      | Found an opulent altar of Gozag.
  5501 | D:5      | Found a shattered altar of Ashenzari.
  5502 | D:5      | Found a glowing golden altar of the Shining One.
  5885 | D:5      | HP: 1/67 [hippogriff (4)]
  5885 | D:5      | Mangled by a hippogriff

Vault maps used:
D:1:      tarquinn_simple_flora_water_e, evilmike_ruin_ashenzari
D:2:      kiku_gazebo_garden_becter, uniq_terence, uniq_jessica, uniq_sigmund
D:3:      lemuel_coloured_pillars_altar, makhleb_blood_cavern_becter
D:5:      lightli_temple_of_fire, chequers_temple_overflow_statue_of_worship,
          serial_shops, nicolae_shop_crystal, first_bread,
          minmay_divided_ellipse, uniq_duvessa

Skill      XL: |  1  2  3  4  5  6  7  8  9 |
---------------+----------------------------+-----
Fighting       | 4 5 8 |  8.6
Long Blades    | 4 5 6 10 11 | 11.1
Shields        | 4 5 8 |  8.6
Dodging        | |  3.0

Action                   |  1- 3 |  4- 6 |  7- 9 || total
-------------------------+-------+-------+-------++-------
Melee: Long sword        |    46 |    68 |   135 ||   249
       Constrict         |    11 |    16 |    43 ||    70
       Tentacles         |     3 |    19 |    38 ||    60
       Dagger            |       |       |    45 ||    45
Throw: Stone             |       |     3 |     2 ||     5
  Use: Scroll            |     3 |     7 |     3 ||    13
       Potion            |     1 |     1 |     8 ||    10
 Stab: Sleeping          |     4 |     3 |     4 ||    11
  Eat: Chunk             |     1 |     3 |    10 ||    14
       Fruit             |       |       |     1 ||     1
Armor: Skin              |     2 |     6 |    61 ||    69
Dodge: Dodged            |    18 |    33 |    80 ||   131
Block: Shield            |    12 |    23 |    88 ||   123
       Rpst.: Long sword |     7 |     8 |    16 ||    31
